 Dungeon Crawl Stone Soup version 0.21.1-1-g345015fe64 (webtiles) character file.

40 KleinerIrrer the Skirmisher (level 3, -2/26 HPs)
             Began as an Octopode Transmuter on Apr 17, 2018.
             Slain by a goblin
             ... wielding a +0 club
              (4 damage)
             ... on level 2 of the Dungeon.
             The game lasted 00:01:59 (2161 turns).

KleinerIrrer the Skirmisher (Octopode Transmuter)   Turns: 2161, Time: 00:01:59

Health: -2/26      AC:  1    Str:  9    XL:     3   Next: 50%
Magic:  6/6        EV: 13    Int: 15    God:
Gold:   79         SH:  0    Dex: 13    Spells: 5/6 levels left

rFire    . . .     SeeInvis .   f - +0 dagger
rCold    . . .     Gourm    .   (no shield)
rNeg     . . .     Faith    .   (helmet restricted)
rPois    .         Spirit   .   (no amulet)
rElec    .         Reflect  .   (no ring)
rCorr    .         Harm     .   (no ring)
MR       .....                  (no ring)
Stlth    ++........             (no ring)
HPRegen  0.08/turn              (no ring)
MPRegen  0.10/turn              (no ring)
                                (no ring)
                                (no ring)

@: lethally poisoned (-2 -> -6)
A: almost no armour, stealthy swim, amphibious, 8 rings, constrict 8, camouflage
1, gelatinous body 1
a: no special abilities


You were on level 2 of the Dungeon.
You were not hungry.

You visited 1 branch of the dungeon, and saw 2 of its levels.

You collected 79 gold pieces.

Inventory:

Hand Weapons
 f - a +0 dagger (weapon)
Missiles
 a - 28 arrows
Scrolls
 d - a scroll of remove curse {unknown}
 g - 2 scrolls of identify {unknown}
 i - 2 scrolls of enchant weapon {unknown}
 j - 2 scrolls of enchant armour {unknown}
 k - a scroll of fear {unknown}
 l - a scroll of teleportation {unknown}
Potions
 e - a potion of agility {unknown}
 h - a potion of heal wounds {unknown}
Books
 b - a book of Changes

   Spells                             Type                      Level
   a - Beastly Appendage              Transmutation                1
   b - Sticks to Snakes               Transmutation                2
   c - Spider Form                    Transmutation/Poison         3
   d - Ice Form                       Ice/Transmutation            4
   e - Blade Hands                    Transmutation                5
Comestibles
 c - 3 rations
 m - a chunk of flesh


   Skills:
 * Level 3.3 Fighting
 - Level 2.0 Dodging
 - Level 3.0 Unarmed Combat
 - Level 2.0 Spellcasting
 - Level 2.0 Transmutations


You had 5 spell levels left.
You knew the following spells:

 Your Spells              Type           Power        Failure   Level  Hunger
a - Beastly Appendage     Tmut           #.....       10%         1    #......


Dungeon Overview and Level Annotations

Branches:
Dungeon (2/15)

Altars:


Innate Abilities, Weirdness & Mutations

You cannot wear most types of armour.
You are very stealthy in the water. (Stealth+)
You are amphibious.
You can wear up to eight rings at the same time.
You can use your tentacles to constrict eight enemies at once.
Your skin changes colour to match your surroundings (Stealth+).
Your rubbery body absorbs attacks. (AC +1, EV +1)


Message History

You closely miss the adder. Your grab misses the adder.
Your squeeze misses the adder.
You feel sick. The adder misses you.
You barely miss the adder. Your grab misses the adder.
The adder closely misses you. x2
A goblin comes into view.
You barely miss the adder.
The goblin shouts!
You grab the adder. You constrict the adder.
You feel sick. The goblin hits you with a club. The adder closely misses you.
You hit the adder but do no damage.
The adder is lightly wounded.
You constrict the adder. The adder bites you. The goblin hits you with a club.
* * * LOW HITPOINT WARNING * * *
You are too injured to fight recklessly!
You barely miss the adder.
The adder is moderately wounded.
You constrict the adder.
You feel sick. The adder bites you.
* * * LOW HITPOINT WARNING * * *
The goblin hits you with a club.
You die...

#.##.......#
#.##########
#.# #.# #.# #
#.#
##.##.####.##
##............
#..g.g@..##.##
.....#.S.##
.....##.##
.### #.# #.#
#+#


You could see an adder and 2 goblins.

Vanquished Creatures
  2 adders (D:2)
  A worm (D:2)
  2 bats
  3 giant cockroaches
  A hobgoblin (D:1)
  A frilled lizard (D:1)
  3 goblins
  6 kobolds
  3 rats
22 creatures vanquished.

Notes
Turn   | Place    | Note
-------+----------+-------------------------------------------
     0 | D:1      | KleinerIrrer the Octopode Transmuter began the quest for the Orb.
     0 | D:1      | Reached XP level 1. HP: 13/13 MP: 3/3
   510 | D:1      | Reached XP level 2. HP: 19/19 MP: 5/5
  1745 | D:2      | Reached XP level 3. HP: 23/25 MP: 6/6
  2161 | D:2      | Slain by a goblin

Skill      XL: |  1  2  3 |
---------------+----------+-----
Fighting       | 2 3 |  3.3
Dodging        | |  2.0
Unarmed Combat | |  3.0
Spellcasting   | |  2.0
Transmutations | |  2.0

Action                   || total
-------------------------++-------
Melee: Unarmed           ||    40
       Constrict         ||    18
       Tentacles         ||    11
       Dagger            ||    29
       Punch             ||     1
 Stab: Sleeping          ||     6
  Eat: Chunk             ||     4
Armor: Skin              ||     4
Dodge: Dodged            ||    32
